[ AOE2 MATCH · #475949463 ]
UnrankedEthiopians vs Gurjaras
Player's team · LOSS
[ REPLAY ANALYSIS · EXTRACTED FROM THE RECORDED GAME ]
Feudal
10:31
Castle
14:08
Imperial
27:42
| APM avg | 61.1 |
| APM peak | 101 |
| eAPM avg | 25.7 |
| Villagers / military | 144 / 200 |
Focus
⚔️ 38.9% · 🌾 61.1%
Skirmisher ×167 · Bombard Cannon ×18 · Battering Ram ×13 · Trade Cart ×9 · Monk ×1 · Scorpion ×1
Feudal
11:43
Castle
15:13
Imperial
30:00
| APM avg | 39.4 |
| APM peak | 81 |
| eAPM avg | 23.1 |
| Villagers / military | 132 / 261 |
Focus
⚔️ 48.0% · 🌾 52.0%
Hand Cannoneer ×118 · Scout Cavalry ×111 · Camel Scout ×15 · Bombard Cannon ×8 · Armored Elephant ×7 · Monk ×2
Feudal
10:59
Castle
14:39
Imperial
27:39
| APM avg | 34.4 |
| APM peak | 81 |
| eAPM avg | 18.8 |
| Villagers / military | 130 / 395 |
Focus
⚔️ 32.5% · 🌾 67.5%
Spearman ×310 · Hand Cannoneer ×35 · Scout Cavalry ×23 · Skirmisher ×10 · Battering Ram ×8 · Bombard Cannon ×8
Feudal
10:06
Castle
13:42
Imperial
39:59
| APM avg | 50.4 |
| APM peak | 79 |
| eAPM avg | 34.2 |
| Villagers / military | 233 / 248 |
Focus
⚔️ 39.3% · 🌾 60.7%
Skirmisher ×176 · Spearman ×57 · Kamayuk ×8 · Mangonel ×4 · Trebuchet (Packed) ×2 · Trade Cart ×1
Feudal
10:37
Castle
15:16
Imperial
27:10
| APM avg | 29.0 |
| APM peak | 53 |
| eAPM avg | 16.8 |
| Villagers / military | 80 / 165 |
Focus
⚔️ 45.3% · 🌾 54.7%
Chu Ko Nu ×102 · Spearman ×46 · Battering Ram ×11 · Trebuchet (Packed) ×6
Feudal
11:21
Castle
14:56
Imperial
27:56
| APM avg | 65.3 |
| APM peak | 156 |
| eAPM avg | 36.3 |
| Villagers / military | 167 / 264 |
Focus
⚔️ 55.8% · 🌾 44.2%
Spearman ×130 · Skirmisher ×69 · Hand Cannoneer ×37 · Bombard Cannon ×26 · Trade Cart ×10 · Monk ×2
Feudal
10:57
Castle
15:17
Imperial
28:54
| APM avg | 78.8 |
| APM peak | 158 |
| eAPM avg | 50.0 |
| Villagers / military | 173 / 170 |
Focus
⚔️ 55.9% · 🌾 44.1%
Longbowman ×79 · Archer ×42 · Skirmisher ×39 · Spearman ×7 · Militia ×2 · Trebuchet (Packed) ×1
Feudal
11:14
Castle
14:48
Imperial
27:40
| APM avg | 89.3 |
| APM peak | 252 |
| eAPM avg | 59.8 |
| Villagers / military | 172 / 307 |
Focus
⚔️ 62.9% · 🌾 37.1%
Knight ×299 · Trade Cart ×24 · Trebuchet (Packed) ×5 · Scout Cavalry ×2 · Spearman ×1
Match map
Initial resources + every placement click. Lines = walls · curves = elevation contours. ◆ gold · ⬟ stone · ● berries · ✦ relic · ◌ wall gap
Your base· ✓ Closed at 14:08 · 10t walls · 3 gate(s)
eL|Hooligan's base· ✓ Closed at 15:13 · 19t walls · 2 gate(s)
Dictator Donald's base· ✓ Closed at 14:39 · 0t walls · 2 gate(s)
VENÓN | Mauricio's base· ✓ Closed at 13:42 · 0t walls · 2 gate(s)
eL| Bicho's base· ✓ Closed at 15:16 · 1t walls · 2 gate(s)
VENÓN | Sk8_Morro's base· ✓ Closed at 14:56 · 0t walls · 2 gate(s)
Workflow's base· ✓ Closed at 15:17 · 0t walls · 2 gate(s)
VENÓN | seemylame's base· ✓ Closed at 14:48 · 1t walls · 2 gate(s)
Smoothed initial terrain · ◌ = detected wall gap · hover for details
Inputs per minute
— [GDL] cocacolo - - eL|Hooligan
Build order — [GDL] cocacolo
First 150 of 475 actions detected
| 0:01 | Create | Villager (Male) ×4 |
| 0:02 | Build | House |
| 0:03 | Build | House |
| 1:25 | Create | Villager (Male) |
| 1:46 | Build | Lumber Camp |
| 1:58 | Create | Villager (Male) |
| 2:14 | Create | Villager (Male) |
| 2:45 | Create | Villager (Male) |
| 2:48 | Build | House |
| 3:13 | Create | Villager (Male) |
| 3:20 | Build | Palisade Gate |
| 3:27 | Create | Villager (Male) |
| 3:33 | Build | Palisade Wall |
| 3:41 | Build | Palisade Wall |
| 3:45 | Build | Palisade Wall |
| 3:51 | Build | Palisade Wall |
| 3:54 | Build | Palisade Wall |
| 3:58 | Build | Palisade Wall |
| 3:59 | Create | Villager (Male) |
| 3:59 | Create | Villager (Male) |
| 4:01 | Build | Palisade Wall |
| 4:04 | Build | Palisade Wall |
| 4:09 | Build | Palisade Wall |
| 4:11 | Build | Palisade Wall |
| 4:26 | Create | Villager (Male) |
| 4:54 | Create | Villager (Male) |
| 5:08 | Build | Mill |
| 5:20 | Create | Villager (Male) |
| 5:21 | Create | Villager (Male) |
| 5:35 | Create | Villager (Male) |
| 5:38 | Build | House |
| 5:50 | Create | Villager (Male) |
| 5:50 | Create | Villager (Male) |
| 5:50 | Create | Villager (Male) |
| 6:19 | Build | House |
| 7:00 | Create | Villager (Male) |
| 7:15 | Build | Lumber Camp |
| 7:26 | Create | Villager (Male) |
| 7:40 | Build | Farm |
| 8:14 | Research | Feudal Age |
| 8:25 | Build | Farm |
| 9:52 | Create | Villager (Male) |
| 9:52 | Create | Villager (Male) |
| 9:58 | Build | Farm |
| 10:31 | Age | Feudal Age |
| 10:35 | Build | Market |
| 10:38 | Build | Blacksmith |
| 11:23 | Research | Double-Bit Axe |
| 11:26 | Research | Loom |
| 11:28 | Research | Castle Age |
| 11:47 | Research | Horse Collar |
| 11:47 | Research | Horse Collar |
| 12:02 | Build | House |
| 12:23 | Build | Outpost |
| 12:29 | Build | Farm |
| 12:31 | Build | Farm |
| 13:08 | Build | Farm |
| 13:25 | Create | Villager (Male) |
| 13:26 | Create | Villager (Male) |
| 14:08 | Age | Castle Age |
| 14:13 | Build | Town Center |
| 14:17 | Build | Town Center |
| 14:20 | Research | Bow Saw |
| 14:26 | Create | Villager (Male) |
| 14:55 | Create | Villager (Male) |
| 14:55 | Create | Villager (Male) |
| 14:56 | Create | Villager (Male) |
| 15:00 | Create | Villager (Male) |
| 15:07 | Build | Farm |
| 15:31 | Create | Villager (Male) |
| 15:32 | Create | Villager (Male) |
| 15:39 | Create | Villager (Male) |
| 15:43 | Create | Villager (Male) |
| 15:52 | Create | Villager (Male) |
| 15:54 | Create | Villager (Male) |
| 15:56 | Create | Villager (Male) |
| 15:57 | Create | Villager (Male) |
| 15:58 | Build | Farm |
| 15:59 | Build | Farm |
| 16:00 | Build | Farm |
| 16:02 | Build | Farm |
| 16:04 | Build | Farm |
| 16:06 | Create | Villager (Male) |
| 16:16 | Create | Villager (Male) |
| 16:30 | Build | Farm |
| 16:31 | Build | Farm |
| 16:32 | Build | Farm |
| 16:34 | Build | Farm |
| 16:35 | Create | Villager (Male) |
| 16:47 | Build | House |
| 16:56 | Build | Farm |
| 16:59 | Research | Loom |
| 17:00 | Research | Town Watch |
| 17:09 | Create | Villager (Male) |
| 17:14 | Build | Farm |
| 17:14 | Build | Farm |
| 17:15 | Build | Farm |
| 17:16 | Create | Villager (Male) |
| 17:22 | Build | Farm |
| 17:23 | Create | Villager (Male) |
| 17:33 | Build | House |
| 17:34 | Build | House |
| 17:36 | Build | Stone Wall |
| 17:39 | Build | Outpost |
| 17:43 | Create | Villager (Male) |
| 17:47 | Create | Villager (Male) |
| 17:54 | Create | Villager (Male) |
| 17:57 | Build | Farm |
| 17:57 | Build | Farm |
| 18:10 | Build | Palisade Gate |
| 18:14 | Build | Palisade Wall |
| 18:23 | Create | Villager (Male) |
| 18:23 | Create | Villager (Male) |
| 18:24 | Create | Villager (Male) |
| 18:30 | Build | Town Center |
| 18:31 | Create | Villager (Male) |
| 18:33 | Build | House |
| 18:34 | Build | House |
| 18:43 | Build | Stone Wall |
| 18:44 | Build | Stone Wall |
| 18:46 | Build | Outpost |
| 18:48 | Create | Villager (Male) |
| 18:49 | Create | Villager (Male) |
| 18:59 | Build | House |
| 19:05 | Create | Villager (Male) |
| 19:06 | Create | Villager (Male) |
| 19:08 | Build | House |
| 19:11 | Build | Farm |
| 19:13 | Build | Farm |
| 19:16 | Create | Villager (Male) |
| 19:20 | Build | Farm |
| 19:23 | Build | Farm |
| 19:39 | Create | Villager (Male) |
| 19:39 | Create | Villager (Male) |
| 19:40 | Create | Villager (Male) |
| 19:40 | Create | Villager (Male) |
| 19:46 | Build | House |
| 19:52 | Build | House |
| 19:55 | Create | Villager (Male) |
| 19:55 | Create | Villager (Male) |
| 19:57 | Build | Farm |
| 19:57 | Build | Farm |
| 19:58 | Build | Farm |
| 20:03 | Build | Farm |
| 20:04 | Create | Villager (Male) |
| 20:07 | Create | Villager (Male) |
| 20:11 | Build | Stone Wall |
| 20:12 | Build | Stone Wall |
| 20:15 | Build | Outpost |
| 20:19 | Build | Farm |
Build order — eL|Hooligan
First 150 of 425 actions detected
| 0:02 | Create | Villager (Male) |
| 0:03 | Build | House |
| 0:05 | Build | House |
| 0:05 | Create | Villager (Male) |
| 0:13 | Create | Villager (Male) |
| 0:19 | Create | Villager (Male) |
| 1:19 | Build | Mill |
| 1:28 | Create | Villager (Male) |
| 2:03 | Create | Villager (Male) |
| 2:24 | Build | Palisade Wall |
| 2:24 | Build | Palisade Wall |
| 2:28 | Create | Villager (Male) |
| 2:34 | Build | Palisade Wall |
| 2:37 | Build | Palisade Wall |
| 2:41 | Build | Palisade Wall |
| 2:46 | Build | Palisade Wall |
| 2:48 | Build | Palisade Wall |
| 2:52 | Build | Palisade Wall |
| 2:55 | Build | Palisade Wall |
| 2:58 | Build | Palisade Wall |
| 2:59 | Create | Villager (Male) |
| 3:01 | Build | Palisade Wall |
| 3:02 | Build | Palisade Wall |
| 3:17 | Create | Villager (Male) |
| 3:28 | Create | Villager (Male) |
| 3:43 | Create | Villager (Male) |
| 3:55 | Build | House |
| 3:56 | Create | Villager (Male) |
| 4:22 | Build | Palisade Wall |
| 4:24 | Build | Palisade Wall |
| 4:26 | Build | Palisade Wall |
| 4:28 | Build | Palisade Wall |
| 4:31 | Build | Palisade Wall |
| 4:55 | Create | Villager (Male) |
| 4:59 | Build | Lumber Camp |
| 5:09 | Create | Villager (Male) |
| 5:32 | Build | Palisade Wall |
| 5:33 | Create | Villager (Male) |
| 5:34 | Build | Palisade Wall |
| 5:38 | Build | Palisade Wall |
| 5:40 | Create | Villager (Male) |
| 5:49 | Create | Villager (Male) |
| 6:00 | Create | Villager (Male) |
| 6:15 | Create | Villager (Male) |
| 6:26 | Create | Villager (Male) |
| 6:35 | Create | Villager (Male) |
| 6:39 | Create | Villager (Male) |
| 6:48 | Build | House |
| 6:54 | Build | Lumber Camp |
| 7:23 | Build | Farm |
| 7:26 | Build | Farm |
| 7:26 | Create | Villager (Male) |
| 7:47 | Build | House |
| 8:53 | Build | Mining Camp |
| 9:06 | Build | Farm |
| 9:09 | Build | Farm |
| 9:11 | Research | Feudal Age |
| 9:44 | Build | Farm |
| 9:46 | Build | Farm |
| 9:48 | Build | Farm |
| 9:59 | Build | Farm |
| 10:06 | Create | Villager (Male) |
| 10:06 | Create | Villager (Male) |
| 10:53 | Create | Villager (Male) |
| 11:43 | Age | Feudal Age |
| 11:44 | Build | Market |
| 11:48 | Build | Blacksmith |
| 12:02 | Research | Double-Bit Axe |
| 12:33 | Research | Castle Age |
| 13:24 | Research | Horse Collar |
| 15:08 | Research | Wheelbarrow |
| 15:13 | Age | Castle Age |
| 15:20 | Build | Town Center |
| 15:36 | Build | Siege Workshop |
| 15:55 | Research | Bow Saw |
| 16:09 | Research | Heavy Plow |
| 16:14 | Create | Villager (Male) |
| 16:25 | Build | House |
| 16:33 | Create | Villager (Male) |
| 16:35 | Build | House |
| 16:40 | Build | Town Center |
| 16:43 | Create | Armored Elephant |
| 16:47 | Create | Villager (Male) |
| 16:50 | Create | Villager (Male) |
| 16:52 | Create | Villager (Male) |
| 16:58 | Build | House |
| 17:06 | Create | Villager (Male) |
| 17:08 | Create | Armored Elephant |
| 17:21 | Create | Villager (Male) |
| 17:26 | Create | Villager (Male) |
| 17:40 | Build | House |
| 17:42 | Build | House |
| 17:44 | Build | Farm |
| 17:45 | Build | Farm |
| 17:48 | Build | Farm |
| 17:48 | Build | Farm |
| 17:49 | Build | Farm |
| 18:12 | Create | Villager (Male) |
| 18:24 | Build | House |
| 18:28 | Build | House |
| 18:30 | Build | Farm |
| 18:40 | Create | Armored Elephant |
| 18:40 | Create | Villager (Male) |
| 18:41 | Create | Villager (Male) |
| 18:42 | Build | Farm |
| 18:48 | Create | Villager (Male) |
| 18:49 | Build | Farm |
| 18:49 | Build | Farm |
| 18:56 | Create | Villager (Male) |
| 19:01 | Create | Villager (Male) |
| 19:20 | Build | Monastery |
| 19:25 | Build | Farm |
| 19:26 | Create | Villager (Male) |
| 19:32 | Create | Villager (Male) |
| 19:35 | Create | Villager (Male) |
| 19:46 | Create | Villager (Male) |
| 19:48 | Build | House |
| 19:52 | Build | Farm |
| 19:55 | Build | Farm |
| 19:59 | Create | Villager (Male) |
| 20:01 | Build | Farm |
| 20:03 | Build | Farm |
| 20:04 | Build | Farm |
| 20:07 | Build | Farm |
| 20:10 | Create | Villager (Male) |
| 20:21 | Create | Villager (Male) |
| 20:30 | Create | Monk |
| 20:32 | Build | Farm |
| 20:33 | Create | Villager (Male) |
| 20:34 | Build | House |
| 20:35 | Build | House |
| 20:36 | Create | Villager (Male) |
| 20:41 | Create | Villager (Male) |
| 20:49 | Create | Armored Elephant |
| 20:55 | Build | Farm |
| 20:57 | Build | Farm |
| 20:59 | Create | Villager (Male) |
| 21:02 | Create | Villager (Male) |
| 21:12 | Create | Villager (Male) |
| 21:18 | Create | Villager (Male) |
| 21:26 | Build | Farm |
| 21:36 | Create | Villager (Male) |
| 21:47 | Create | Villager (Male) |
| 21:55 | Create | Villager (Male) |
| 22:04 | Create | Villager (Male) |
| 22:10 | Build | House |
| 22:22 | Create | Villager (Male) |
| 22:33 | Create | Villager (Male) |
| 22:33 | Create | Villager (Male) |
| 22:34 | Create | Villager (Male) |
Build order — Dictator Donald
First 150 of 469 actions detected
| 0:00 | Create | Villager (Male) |
| 0:00 | Create | Villager (Male) |
| 0:00 | Create | Villager (Male) |
| 0:02 | Build | House |
| 0:07 | Build | House |
| 0:09 | Create | Villager (Male) |
| 0:09 | Create | Villager (Male) |
| 1:31 | Create | Villager (Male) |
| 1:48 | Build | Lumber Camp |
| 2:06 | Create | Villager (Male) |
| 2:24 | Create | Villager (Male) |
| 2:59 | Create | Villager (Male) |
| 3:13 | Create | Villager (Male) |
| 3:46 | Create | Villager (Male) |
| 3:54 | Build | House |
| 4:09 | Build | Mill |
| 4:14 | Create | Villager (Male) |
| 4:37 | Create | Villager (Male) |
| 4:37 | Create | Villager (Male) |
| 4:57 | Create | Villager (Male) |
| 5:29 | Create | Villager (Male) |
| 5:29 | Create | Villager (Male) |
| 5:51 | Build | Mill |
| 5:58 | Build | House |
| 6:13 | Create | Villager (Male) |
| 6:21 | Build | House |
| 6:35 | Create | Villager (Male) |
| 6:58 | Create | Villager (Male) |
| 7:13 | Build | Lumber Camp |
| 7:16 | Create | Villager (Male) |
| 7:28 | Build | Farm |
| 7:52 | Create | Villager (Male) |
| 8:16 | Create | Villager (Male) |
| 8:46 | Build | Mining Camp |
| 8:48 | Research | Feudal Age |
| 9:57 | Build | Farm |
| 9:59 | Build | Farm |
| 10:23 | Create | Villager (Male) |
| 10:23 | Create | Villager (Male) |
| 10:50 | Build | Farm |
| 10:59 | Age | Feudal Age |
| 11:01 | Build | Market |
| 11:04 | Build | Blacksmith |
| 11:59 | Research | Castle Age |
| 11:59 | Research | Castle Age |
| 12:13 | Build | Farm |
| 12:15 | Build | Farm |
| 12:29 | Build | Farm |
| 12:31 | Build | Farm |
| 12:47 | Research | Double-Bit Axe |
| 12:48 | Research | Double-Bit Axe |
| 12:52 | Build | Farm |
| 13:03 | Research | Horse Collar |
| 13:41 | Create | Villager (Male) |
| 14:39 | Age | Castle Age |
| 14:42 | Build | Town Center |
| 14:48 | Build | Town Center |
| 14:53 | Create | Villager (Male) |
| 15:05 | Research | Bow Saw |
| 15:15 | Create | Villager (Male) |
| 15:31 | Create | Villager (Male) |
| 15:50 | Build | Farm |
| 15:57 | Build | House |
| 15:59 | Create | Villager (Male) |
| 16:02 | Create | Villager (Male) |
| 16:03 | Create | Villager (Male) |
| 16:11 | Create | Villager (Male) |
| 16:15 | Build | Farm |
| 16:17 | Create | Villager (Male) |
| 16:23 | Build | Farm |
| 16:30 | Build | Farm |
| 16:30 | Create | Villager (Male) |
| 16:31 | Create | Villager (Male) |
| 16:36 | Build | House |
| 16:47 | Build | Farm |
| 16:47 | Create | Villager (Male) |
| 16:47 | Create | Villager (Male) |
| 16:54 | Build | Farm |
| 16:56 | Create | Villager (Male) |
| 16:57 | Create | Villager (Male) |
| 17:05 | Create | Villager (Male) |
| 17:12 | Build | Farm |
| 17:18 | Build | Farm |
| 17:23 | Build | Farm |
| 17:27 | Create | Villager (Male) |
| 17:28 | Create | Villager (Male) |
| 17:38 | Create | Villager (Male) |
| 17:42 | Build | Farm |
| 17:45 | Build | Farm |
| 17:51 | Build | House |
| 17:53 | Create | Villager (Male) |
| 17:54 | Create | Villager (Male) |
| 18:11 | Create | Villager (Male) |
| 18:12 | Create | Villager (Male) |
| 18:26 | Build | Town Center |
| 18:34 | Create | Villager (Male) |
| 18:35 | Create | Villager (Male) |
| 18:43 | Build | Farm |
| 18:47 | Build | House |
| 18:48 | Build | House |
| 18:50 | Build | House |
| 18:56 | Research | Wheelbarrow |
| 18:57 | Create | Villager (Male) |
| 19:12 | Create | Villager (Male) |
| 19:14 | Create | Villager (Male) |
| 19:22 | Build | House |
| 19:22 | Build | House |
| 19:24 | Create | Villager (Male) |
| 19:27 | Build | Farm |
| 19:46 | Create | Villager (Male) |
| 19:46 | Create | Villager (Male) |
| 19:47 | Create | Villager (Male) |
| 19:48 | Create | Villager (Male) |
| 19:50 | Build | Town Center |
| 19:51 | Create | Villager (Male) |
| 20:03 | Build | Farm |
| 20:06 | Build | Farm |
| 20:06 | Create | Villager (Male) |
| 20:12 | Create | Villager (Male) |
| 20:18 | Build | Farm |
| 20:21 | Build | Farm |
| 20:23 | Build | Farm |
| 20:27 | Create | Villager (Male) |
| 20:28 | Create | Villager (Male) |
| 20:29 | Create | Villager (Male) |
| 20:30 | Create | Villager (Male) |
| 20:34 | Build | Farm |
| 20:37 | Build | Farm |
| 20:45 | Build | House |
| 20:47 | Build | House |
| 20:49 | Create | Villager (Male) |
| 20:51 | Create | Villager (Male) |
| 21:00 | Create | Villager (Male) |
| 21:03 | Create | Villager (Male) |
| 21:06 | Build | Farm |
| 21:08 | Build | Farm |
| 21:11 | Build | Farm |
| 21:13 | Build | Farm |
| 21:14 | Create | Villager (Male) |
| 21:15 | Create | Villager (Male) |
| 21:15 | Create | Villager (Male) |
| 21:16 | Create | Villager (Male) |
| 21:23 | Build | Farm |
| 21:23 | Create | Villager (Male) |
| 21:33 | Build | Farm |
| 21:34 | Create | Villager (Male) |
| 21:37 | Build | Farm |
| 21:38 | Create | Villager (Male) |
| 21:38 | Create | Villager (Male) |
| 21:38 | Create | Villager (Male) |
Build order — VENÓN | Mauricio
First 150 of 555 actions detected
| 0:00 | Create | Villager (Male) |
| 0:00 | Create | Villager (Male) |
| 0:02 | Build | House |
| 0:03 | Build | House |
| 0:08 | Create | Villager (Male) |
| 0:08 | Create | Villager (Male) |
| 1:19 | Create | Villager (Male) |
| 1:53 | Create | Villager (Male) |
| 2:12 | Build | Settlement |
| 2:14 | Create | Villager (Male) |
| 2:19 | Build | Settlement |
| 2:32 | Create | Villager (Male) |
| 3:03 | Create | Villager (Male) |
| 3:30 | Create | Villager (Male) |
| 3:56 | Create | Villager (Male) |
| 4:14 | Create | Villager (Male) |
| 4:31 | Create | Villager (Male) |
| 5:02 | Create | Villager (Male) |
| 5:22 | Create | Villager (Male) |
| 5:22 | Create | Villager (Male) |
| 5:31 | Create | Villager (Male) |
| 5:33 | Build | Settlement |
| 6:12 | Create | Villager (Male) |
| 6:12 | Create | Villager (Male) |
| 6:14 | Create | Villager (Male) |
| 6:28 | Build | Settlement |
| 6:47 | Create | Villager (Male) |
| 6:47 | Create | Villager (Male) |
| 6:48 | Create | Villager (Male) |
| 6:48 | Create | Villager (Male) |
| 7:22 | Create | Villager (Male) |
| 7:25 | Create | Villager (Male) |
| 7:50 | Research | Feudal Age |
| 8:05 | Build | Settlement |
| 10:03 | Create | Villager (Male) |
| 10:04 | Research | Loom |
| 10:06 | Age | Feudal Age |
| 10:09 | Build | Market |
| 10:29 | Create | Villager (Male) |
| 10:40 | Build | Blacksmith |
| 11:02 | Research | Castle Age |
| 12:30 | Research | Double-Bit Axe |
| 13:42 | Age | Castle Age |
| 13:50 | Research | Bow Saw |
| 13:53 | Build | Farm |
| 13:58 | Build | Farm |
| 14:10 | Build | Castle |
| 14:14 | Build | Palisade Wall |
| 14:15 | Build | Palisade Wall |
| 14:16 | Build | Palisade Wall |
| 14:17 | Build | Palisade Wall |
| 14:18 | Build | Palisade Wall |
| 14:19 | Build | Palisade Wall |
| 14:49 | Create | Villager (Male) |
| 15:08 | Build | Farm |
| 15:10 | Build | Farm |
| 15:23 | Build | Settlement |
| 15:54 | Create | Villager (Male) |
| 16:24 | Create | Kamayuk ×3 |
| 16:28 | Build | Farm |
| 16:44 | Create | Villager (Male) |
| 17:05 | Build | Siege Workshop |
| 17:15 | Create | Villager (Male) |
| 17:45 | Create | Villager (Male) |
| 17:45 | Create | Villager (Male) |
| 17:57 | Create | Mangonel |
| 18:09 | Build | Farm |
| 18:09 | Build | Farm |
| 18:12 | Create | Villager (Male) |
| 18:18 | Create | Villager (Male) |
| 18:18 | Create | Villager (Male) |
| 18:45 | Create | Villager (Male) |
| 19:10 | Build | Farm |
| 19:13 | Build | Farm |
| 19:14 | Build | Farm |
| 19:14 | Build | Farm |
| 19:16 | Build | Farm |
| 19:16 | Create | Villager (Male) |
| 19:40 | Create | Villager (Male) |
| 19:41 | Create | Mangonel |
| 19:55 | Build | Farm |
| 20:11 | Create | Villager (Male) |
| 20:13 | Create | Kamayuk |
| 20:23 | Create | Villager (Male) |
| 20:31 | Create | Villager (Male) |
| 20:34 | Create | Villager (Male) |
| 20:40 | Create | Villager (Male) |
| 20:55 | Create | Villager (Male) |
| 20:58 | Create | Mangonel |
| 21:12 | Create | Villager (Male) |
| 21:25 | Create | Villager (Male) |
| 21:35 | Build | House |
| 21:49 | Create | Villager (Male) |
| 21:52 | Research | Horse Collar |
| 21:53 | Build | Farm |
| 21:53 | Build | Farm |
| 22:02 | Create | Villager (Male) |
| 22:04 | Create | Villager (Male) |
| 22:07 | Create | Villager (Male) |
| 22:08 | Create | Villager (Male) |
| 22:31 | Create | Kamayuk |
| 22:35 | Create | Villager (Male) |
| 22:44 | Create | Mangonel |
| 22:51 | Create | Villager (Male) |
| 22:53 | Create | Villager (Male) |
| 23:04 | Create | Villager (Male) |
| 23:06 | Build | Outpost |
| 23:18 | Create | Kamayuk ×3 |
| 23:27 | Build | Settlement |
| 23:36 | Create | Villager (Male) |
| 23:40 | Build | Farm |
| 24:21 | Build | Farm |
| 24:26 | Create | Villager (Male) |
| 24:55 | Create | Villager (Male) |
| 25:14 | Create | Villager (Male) |
| 25:28 | Create | Villager (Male) |
| 25:40 | Create | Villager (Male) |
| 25:53 | Build | Farm |
| 25:53 | Build | Farm |
| 26:00 | Build | Market |
| 26:15 | Build | Farm |
| 26:16 | Build | Farm |
| 26:16 | Build | Farm |
| 26:39 | Create | Villager (Male) |
| 26:54 | Create | Villager (Male) |
| 26:54 | Create | Villager (Male) |
| 27:02 | Build | Stone Wall |
| 27:02 | Create | Villager (Male) |
| 27:02 | Create | Villager (Male) |
| 27:11 | Create | Villager (Male) |
| 27:16 | Create | Battering Ram |
| 27:23 | Create | Villager (Male) |
| 27:28 | Build | Town Center |
| 27:44 | Create | Villager (Male) |
| 27:47 | Create | Villager (Male) |
| 27:56 | Create | Villager (Male) |
| 28:00 | Build | Town Center |
| 28:15 | Create | Villager (Male) |
| 28:24 | Create | Villager (Male) |
| 28:34 | Create | Trade Cart |
| 28:39 | Build | Town Center |
| 28:39 | Create | Villager (Male) |
| 28:39 | Create | Villager (Male) |
| 28:40 | Build | Farm |
| 28:41 | Build | Farm |
| 28:41 | Build | Farm |
| 28:56 | Create | Villager (Male) |
| 28:56 | Create | Villager (Male) |
| 28:57 | Build | Farm |
| 29:19 | Research | Wheelbarrow |
Build order — eL| Bicho
First 150 of 378 actions detected
| 0:04 | Research | Loom |
| 0:52 | Create | Villager (Male) |
| 1:20 | Create | Villager (Male) |
| 1:53 | Create | Villager (Male) |
| 2:02 | Build | Lumber Camp |
| 2:17 | Create | Villager (Male) |
| 2:44 | Create | Villager (Male) |
| 3:04 | Create | Villager (Male) |
| 3:27 | Create | Villager (Male) |
| 4:02 | Create | Villager (Male) |
| 4:09 | Build | House |
| 4:26 | Create | Villager (Male) |
| 4:46 | Build | House |
| 5:05 | Create | Villager (Male) |
| 5:14 | Build | Mill |
| 5:20 | Create | Villager (Male) |
| 5:42 | Create | Villager (Male) |
| 6:09 | Create | Villager (Male) |
| 6:37 | Create | Villager (Male) |
| 6:55 | Build | House |
| 7:09 | Create | Villager (Male) |
| 7:18 | Build | Mining Camp |
| 7:33 | Create | Villager (Male) |
| 7:40 | Build | Farm |
| 7:57 | Create | Villager (Male) |
| 8:27 | Research | Feudal Age |
| 8:38 | Build | Farm |
| 8:46 | Build | Farm |
| 9:09 | Build | Mill |
| 10:20 | Build | Farm |
| 10:37 | Age | Feudal Age |
| 10:38 | Create | Villager (Male) |
| 10:39 | Create | Villager (Male) |
| 10:45 | Build | Market |
| 10:55 | Build | Blacksmith |
| 11:24 | Create | Villager (Male) |
| 11:32 | Build | Mining Camp |
| 11:43 | Create | Villager (Male) |
| 12:36 | Research | Castle Age |
| 13:27 | Research | Double-Bit Axe |
| 13:29 | Research | Horse Collar |
| 13:50 | Build | House |
| 13:51 | Build | House |
| 14:31 | Research | Gold Mining |
| 14:45 | Build | Stone Wall |
| 15:10 | Build | House |
| 15:16 | Age | Castle Age |
| 15:20 | Create | Villager (Male) |
| 15:41 | Build | Castle |
| 16:10 | Build | Stone Wall |
| 16:18 | Build | House |
| 16:20 | Build | Stone Wall |
| 16:30 | Build | Gate |
| 16:31 | Create | Villager (Male) |
| 16:34 | Build | Lumber Camp |
| 16:36 | Research | Bow Saw |
| 16:44 | Create | Villager (Male) |
| 17:33 | Create | Chu Ko Nu |
| 18:03 | Build | Farm |
| 18:05 | Research | Fletching |
| 18:08 | Create | Villager (Male) |
| 18:10 | Build | Farm |
| 18:13 | Build | Farm |
| 18:20 | Build | Farm |
| 18:21 | Create | Villager (Male) |
| 18:29 | Create | Chu Ko Nu |
| 18:32 | Create | Villager (Male) |
| 18:40 | Build | Farm |
| 18:41 | Build | Farm |
| 18:56 | Create | Chu Ko Nu |
| 19:20 | Create | Villager (Male) |
| 19:24 | Build | Farm |
| 19:26 | Build | Farm |
| 19:27 | Build | Farm |
| 19:29 | Create | Chu Ko Nu |
| 19:46 | Research | Bodkin Arrow |
| 19:52 | Create | Villager (Male) |
| 20:10 | Create | Chu Ko Nu |
| 20:20 | Research | Padded Archer Armor |
| 20:21 | Create | Villager (Male) |
| 20:45 | Create | Villager (Male) |
| 21:24 | Create | Chu Ko Nu |
| 21:24 | Create | Chu Ko Nu |
| 21:43 | Create | Villager (Male) |
| 22:51 | Create | Chu Ko Nu |
| 24:00 | Research | Imperial Age |
| 24:24 | Create | Chu Ko Nu |
| 24:25 | Create | Chu Ko Nu |
| 24:28 | Research | Stone Mining |
| 24:35 | Create | Chu Ko Nu |
| 26:12 | Create | Chu Ko Nu |
| 26:29 | Build | Town Center |
| 27:10 | Age | Imperial Age |
| 27:19 | Create | Trebuchet (Packed) |
| 27:43 | Create | Villager (Male) |
| 27:43 | Create | Villager (Male) |
| 27:44 | Create | Villager (Male) |
| 28:04 | Build | Castle |
| 28:08 | Create | Villager (Male) |
| 28:10 | Build | Blacksmith |
| 28:42 | Create | Chu Ko Nu |
| 28:42 | Create | Chu Ko Nu |
| 28:44 | Create | Villager (Male) |
| 28:46 | Create | Villager (Male) |
| 28:49 | Create | Villager (Male) |
| 28:50 | Create | Villager (Male) |
| 29:46 | Build | Farm |
| 29:49 | Research | Bracer |
| 29:52 | Create | Villager (Male) |
| 29:52 | Create | Villager (Male) |
| 29:57 | Create | Chu Ko Nu |
| 29:58 | Create | Chu Ko Nu |
| 30:02 | Create | Chu Ko Nu |
| 30:03 | Create | Chu Ko Nu |
| 30:03 | Create | Chu Ko Nu |
| 30:06 | Build | Farm |
| 30:21 | Create | Villager (Male) |
| 30:23 | Create | Villager (Male) |
| 30:24 | Create | Villager (Male) |
| 30:29 | Build | Farm |
| 30:30 | Build | Farm |
| 30:44 | Create | Chu Ko Nu |
| 30:44 | Create | Chu Ko Nu |
| 30:45 | Create | Chu Ko Nu |
| 30:45 | Create | Chu Ko Nu |
| 31:03 | Create | Chu Ko Nu |
| 31:04 | Create | Chu Ko Nu |
| 31:08 | Create | Villager (Male) |
| 31:09 | Create | Villager (Male) |
| 31:09 | Create | Villager (Male) |
| 31:17 | Build | Town Center |
| 31:24 | Build | Mining Camp |
| 31:52 | Create | Chu Ko Nu |
| 31:52 | Create | Chu Ko Nu |
| 31:54 | Research | Leather Archer Armor |
| 31:58 | Build | University |
| 32:01 | Create | Villager (Male) |
| 32:02 | Create | Villager (Male) |
| 32:03 | Create | Villager (Male) |
| 32:15 | Create | Chu Ko Nu |
| 32:16 | Create | Chu Ko Nu |
| 32:22 | Create | Villager (Male) |
| 32:29 | Research | Wheelbarrow |
| 32:31 | Create | Villager (Male) |
| 32:31 | Create | Villager (Male) |
| 33:21 | Research | Ring Archer Armor |
| 33:21 | Create | Villager (Male) |
| 33:21 | Create | Villager (Male) |
| 33:21 | Create | Villager (Male) |
| 33:22 | Create | Villager (Male) |
Build order — VENÓN | Sk8_Morro
First 150 of 629 actions detected
| 0:01 | Create | Villager (Male) |
| 0:01 | Create | Villager (Male) |
| 0:02 | Build | House |
| 0:04 | Build | House |
| 0:22 | Create | Villager (Male) |
| 0:22 | Create | Villager (Male) |
| 0:23 | Create | Villager (Male) |
| 1:29 | Create | Villager (Male) |
| 1:30 | Create | Villager (Male) |
| 1:48 | Build | Lumber Camp |
| 1:57 | Create | Villager (Male) |
| 1:57 | Create | Villager (Male) |
| 2:18 | Create | Villager (Male) |
| 2:18 | Create | Villager (Male) |
| 2:45 | Create | Villager (Male) |
| 2:46 | Create | Villager (Male) |
| 3:02 | Create | Villager (Male) |
| 3:02 | Create | Villager (Male) |
| 3:28 | Create | Villager (Male) |
| 3:28 | Create | Villager (Male) |
| 3:50 | Build | House |
| 3:51 | Build | House |
| 3:53 | Build | House |
| 4:04 | Create | Villager (Male) |
| 4:22 | Create | Villager (Male) |
| 4:41 | Create | Villager (Male) |
| 4:41 | Create | Villager (Male) |
| 4:49 | Build | Mill |
| 5:17 | Create | Villager (Male) |
| 5:17 | Create | Villager (Male) |
| 5:39 | Create | Villager (Male) |
| 5:39 | Create | Villager (Male) |
| 5:40 | Create | Villager (Male) |
| 6:11 | Create | Villager (Male) |
| 6:11 | Create | Villager (Male) |
| 6:36 | Create | Villager (Male) |
| 6:52 | Build | Lumber Camp |
| 6:55 | Create | Villager (Male) |
| 6:55 | Create | Villager (Male) |
| 6:56 | Create | Villager (Male) |
| 7:21 | Create | Villager (Male) |
| 8:19 | Create | Villager (Male) |
| 8:49 | Build | Mining Camp |
| 8:56 | Build | Mining Camp |
| 8:58 | Research | Feudal Age |
| 9:42 | Build | Farm |
| 10:08 | Build | Farm |
| 10:12 | Build | Farm |
| 10:15 | Build | Farm |
| 10:23 | Create | Villager (Male) |
| 10:23 | Create | Villager (Male) |
| 11:21 | Age | Feudal Age |
| 11:23 | Build | Market |
| 11:26 | Build | Blacksmith |
| 12:16 | Research | Castle Age |
| 12:16 | Research | Castle Age |
| 12:19 | Build | House |
| 12:46 | Build | Farm |
| 12:49 | Research | Double-Bit Axe |
| 12:49 | Research | Double-Bit Axe |
| 12:50 | Research | Horse Collar |
| 12:50 | Research | Horse Collar |
| 14:56 | Age | Castle Age |
| 15:00 | Build | Town Center |
| 15:05 | Build | Town Center |
| 15:13 | Create | Villager (Male) |
| 15:18 | Create | Villager (Male) |
| 15:25 | Build | Monastery |
| 15:44 | Create | Villager (Male) |
| 15:51 | Create | Villager (Male) |
| 16:07 | Create | Villager (Male) |
| 16:21 | Research | Fervor |
| 16:22 | Create | Villager (Male) |
| 16:26 | Build | House |
| 16:30 | Build | Farm |
| 16:33 | Create | Villager (Male) |
| 16:35 | Create | Villager (Male) |
| 16:44 | Create | Villager (Male) |
| 16:52 | Create | Villager (Male) |
| 16:57 | Create | Villager (Male) |
| 16:58 | Create | Villager (Male) |
| 17:03 | Build | Mining Camp |
| 17:11 | Build | House |
| 17:15 | Create | Monk |
| 17:19 | Create | Villager (Male) |
| 17:22 | Build | Farm |
| 17:25 | Build | Farm |
| 17:26 | Build | Farm |
| 17:28 | Build | Farm |
| 17:30 | Build | Farm |
| 17:30 | Build | Farm |
| 17:34 | Build | Farm |
| 17:37 | Build | Farm |
| 17:38 | Create | Villager (Male) |
| 17:39 | Create | Villager (Male) |
| 17:39 | Create | Villager (Male) |
| 17:42 | Build | House |
| 17:43 | Build | House |
| 17:50 | Create | Villager (Male) |
| 17:51 | Create | Villager (Male) |
| 17:56 | Build | Farm |
| 18:04 | Build | Farm |
| 18:09 | Build | Farm |
| 18:10 | Build | Farm |
| 18:11 | Build | Farm |
| 18:13 | Build | Farm |
| 18:14 | Create | Villager (Male) |
| 18:15 | Create | Villager (Male) |
| 18:25 | Build | Farm |
| 18:26 | Create | Villager (Male) |
| 18:35 | Create | Villager (Male) |
| 18:35 | Create | Villager (Male) |
| 18:38 | Build | Town Center |
| 18:44 | Create | Villager (Male) |
| 18:45 | Create | Villager (Male) |
| 18:52 | Create | Villager (Male) |
| 18:53 | Build | House |
| 19:00 | Create | Villager (Male) |
| 19:00 | Create | Villager (Male) |
| 19:00 | Create | Villager (Male) |
| 19:03 | Create | Villager (Male) |
| 19:10 | Create | Villager (Male) |
| 19:10 | Create | Villager (Male) |
| 19:12 | Build | Farm |
| 19:15 | Create | Villager (Male) |
| 19:15 | Create | Villager (Male) |
| 19:21 | Create | Villager (Male) |
| 19:25 | Build | House |
| 19:26 | Build | House |
| 19:28 | Create | Villager (Male) |
| 19:28 | Create | Villager (Male) |
| 19:32 | Create | Villager (Male) |
| 19:32 | Create | Villager (Male) |
| 19:49 | Create | Villager (Male) |
| 19:55 | Research | Bow Saw |
| 19:55 | Research | Bow Saw |
| 19:56 | Create | Villager (Male) |
| 19:56 | Create | Villager (Male) |
| 20:04 | Create | Villager (Male) |
| 20:04 | Create | Villager (Male) |
| 20:07 | Create | Villager (Male) |
| 20:07 | Create | Villager (Male) |
| 20:18 | Create | Villager (Male) |
| 20:18 | Create | Villager (Male) |
| 20:20 | Build | House |
| 20:21 | Build | House |
| 20:33 | Create | Villager (Male) |
| 20:34 | Create | Villager (Male) |
| 20:34 | Create | Villager (Male) |
| 20:38 | Create | Villager (Male) |
Build order — Workflow
First 150 of 563 actions detected
| 0:01 | Create | Villager (Male) |
| 0:01 | Create | Villager (Male) |
| 0:02 | Build | House |
| 0:04 | Build | House |
| 0:11 | Create | Villager (Male) |
| 0:11 | Create | Villager (Male) |
| 0:11 | Create | Villager (Male) |
| 1:13 | Create | Villager (Male) |
| 1:14 | Create | Villager (Male) |
| 1:14 | Create | Villager (Male) |
| 1:46 | Create | Villager (Male) |
| 1:47 | Create | Villager (Male) |
| 2:05 | Create | Villager (Male) |
| 2:06 | Create | Villager (Male) |
| 2:24 | Build | Mill |
| 2:35 | Create | Villager (Male) |
| 2:35 | Create | Villager (Male) |
| 2:50 | Create | Villager (Male) |
| 2:51 | Create | Villager (Male) |
| 3:16 | Create | Villager (Male) |
| 3:16 | Create | Villager (Male) |
| 3:33 | Create | Villager (Male) |
| 3:33 | Create | Villager (Male) |
| 3:33 | Create | Villager (Male) |
| 3:43 | Build | House |
| 4:02 | Create | Villager (Male) |
| 4:03 | Create | Villager (Male) |
| 4:22 | Create | Villager (Male) |
| 4:22 | Create | Villager (Male) |
| 4:32 | Create | Villager (Male) |
| 4:32 | Create | Villager (Male) |
| 4:48 | Build | Lumber Camp |
| 4:49 | Create | Villager (Male) |
| 4:49 | Create | Villager (Male) |
| 5:29 | Create | Villager (Male) |
| 5:29 | Create | Villager (Male) |
| 5:33 | Build | House |
| 5:34 | Create | Villager (Male) |
| 5:34 | Create | Villager (Male) |
| 6:05 | Build | Mining Camp |
| 6:31 | Create | Villager (Male) |
| 6:32 | Create | Villager (Male) |
| 6:32 | Create | Villager (Male) |
| 6:42 | Create | Villager (Male) |
| 6:43 | Create | Villager (Male) |
| 6:43 | Create | Villager (Male) |
| 6:43 | Create | Villager (Male) |
| 6:48 | Create | Villager (Male) |
| 6:48 | Create | Villager (Male) |
| 7:14 | Create | Villager (Male) |
| 7:14 | Create | Villager (Male) |
| 7:48 | Build | Mining Camp |
| 7:49 | Create | Villager (Male) |
| 7:49 | Create | Villager (Male) |
| 7:49 | Create | Villager (Male) |
| 8:12 | Create | Villager (Male) |
| 8:32 | Research | Feudal Age |
| 8:32 | Research | Feudal Age |
| 8:36 | Build | Mill |
| 9:25 | Build | Farm |
| 9:27 | Build | Farm |
| 9:41 | Build | House |
| 9:51 | Build | Farm |
| 10:25 | Build | Farm |
| 10:57 | Age | Feudal Age |
| 11:05 | Create | Villager (Male) |
| 11:10 | Build | Blacksmith |
| 11:11 | Create | Villager (Male) |
| 11:28 | Build | Market |
| 11:48 | Research | Loom |
| 11:56 | Build | House |
| 12:37 | Research | Castle Age |
| 12:38 | Research | Castle Age |
| 13:11 | Research | Double-Bit Axe |
| 13:11 | Research | Double-Bit Axe |
| 13:36 | Build | Farm |
| 15:17 | Age | Castle Age |
| 15:19 | Create | Villager (Male) |
| 15:21 | Build | Town Center |
| 15:24 | Create | Villager (Male) |
| 15:29 | Build | Town Center |
| 15:35 | Research | Bow Saw |
| 15:35 | Research | Bow Saw |
| 15:37 | Create | Villager (Male) |
| 15:46 | Create | Villager (Male) |
| 15:53 | Create | Villager (Male) |
| 16:05 | Create | Villager (Male) |
| 16:05 | Create | Villager (Male) |
| 16:13 | Build | Farm |
| 16:15 | Build | Farm |
| 16:17 | Create | Villager (Male) |
| 16:38 | Build | Farm |
| 16:41 | Build | Farm |
| 16:43 | Create | Villager (Male) |
| 16:48 | Create | Villager (Male) |
| 16:59 | Create | Villager (Male) |
| 17:01 | Create | Villager (Male) |
| 17:09 | Build | Farm |
| 17:11 | Build | Farm |
| 17:13 | Create | Villager (Male) |
| 17:14 | Create | Villager (Male) |
| 17:16 | Create | Villager (Male) |
| 17:31 | Research | Wheelbarrow |
| 17:43 | Create | Villager (Male) |
| 17:43 | Create | Villager (Male) |
| 17:57 | Build | Farm |
| 18:03 | Build | Farm |
| 18:07 | Build | Farm |
| 18:09 | Create | Villager (Male) |
| 18:09 | Create | Villager (Male) |
| 18:15 | Create | Villager (Male) |
| 18:16 | Create | Villager (Male) |
| 18:22 | Build | Farm |
| 18:31 | Create | Villager (Male) |
| 18:33 | Build | Farm |
| 18:34 | Build | Farm |
| 18:37 | Build | Farm |
| 18:39 | Build | Farm |
| 18:55 | Create | Villager (Male) |
| 19:04 | Create | Villager (Male) |
| 19:15 | Create | Villager (Male) |
| 19:15 | Create | Villager (Male) |
| 19:18 | Build | Farm |
| 19:22 | Create | Villager (Male) |
| 19:22 | Create | Villager (Male) |
| 19:33 | Create | Villager (Male) |
| 19:34 | Build | Farm |
| 19:37 | Research | Gold Mining |
| 19:37 | Research | Gold Mining |
| 19:44 | Create | Villager (Male) |
| 19:44 | Create | Villager (Male) |
| 19:49 | Build | House |
| 19:51 | Build | House |
| 19:54 | Research | Town Watch |
| 20:08 | Build | Town Center |
| 20:15 | Build | House |
| 20:18 | Build | House |
| 20:19 | Build | House |
| 20:24 | Create | Villager (Male) |
| 20:24 | Create | Villager (Male) |
| 20:33 | Create | Villager (Male) |
| 20:38 | Create | Villager (Male) |
| 20:50 | Build | House |
| 20:51 | Build | House |
| 21:07 | Build | Castle |
| 21:12 | Create | Villager (Male) |
| 21:12 | Create | Villager (Male) |
| 21:13 | Create | Villager (Male) |
| 21:17 | Create | Villager (Male) |
| 21:19 | Create | Villager (Male) |
Build order — VENÓN | seemylame
First 150 of 588 actions detected
| 0:00 | Create | Villager (Male) |
| 0:01 | Create | Villager (Male) |
| 0:01 | Create | Villager (Male) |
| 0:02 | Build | House |
| 0:03 | Build | House |
| 0:04 | Build | House |
| 0:27 | Create | Villager (Male) |
| 0:27 | Create | Villager (Male) |
| 1:24 | Create | Villager (Male) |
| 1:41 | Build | Lumber Camp |
| 2:01 | Create | Villager (Male) |
| 2:01 | Create | Villager (Male) |
| 2:03 | Build | Palisade Wall |
| 2:08 | Create | Villager (Male) |
| 2:08 | Create | Villager (Male) |
| 2:33 | Create | Villager (Male) |
| 2:58 | Create | Villager (Male) |
| 2:59 | Create | Villager (Male) |
| 3:13 | Create | Villager (Male) |
| 3:18 | Build | House |
| 3:35 | Create | Villager (Male) |
| 3:35 | Create | Villager (Male) |
| 4:02 | Create | Villager (Male) |
| 4:13 | Build | Mill |
| 4:20 | Create | Villager (Male) |
| 5:11 | Create | Villager (Male) |
| 5:13 | Build | Farm |
| 5:16 | Build | Farm |
| 5:21 | Build | House |
| 5:37 | Create | Villager (Male) |
| 5:53 | Build | House |
| 6:00 | Create | Villager (Male) |
| 6:00 | Create | Villager (Male) |
| 6:05 | Create | Villager (Male) |
| 6:05 | Create | Villager (Male) |
| 6:11 | Create | Villager (Male) |
| 7:08 | Create | Villager (Male) |
| 7:14 | Build | Farm |
| 7:33 | Create | Villager (Male) |
| 8:27 | Build | Mining Camp |
| 9:00 | Research | Feudal Age |
| 9:24 | Build | Barracks |
| 9:39 | Create | Villager (Male) |
| 10:11 | Build | House |
| 11:14 | Age | Feudal Age |
| 11:17 | Build | Stable |
| 11:19 | Build | Market |
| 11:31 | Create | Villager (Male) |
| 11:57 | Create | Villager (Male) |
| 12:08 | Build | Lumber Camp |
| 12:23 | Research | Castle Age |
| 12:23 | Research | Castle Age |
| 12:48 | Research | Horse Collar |
| 13:03 | Build | Farm |
| 13:07 | Build | Farm |
| 13:21 | Create | Scout Cavalry |
| 13:24 | Build | Farm |
| 13:26 | Build | Farm |
| 13:31 | Build | Farm |
| 13:34 | Create | Spearman |
| 13:44 | Build | Farm |
| 14:09 | Create | Scout Cavalry |
| 14:20 | Build | Farm |
| 14:21 | Build | Farm |
| 14:32 | Research | Double-Bit Axe |
| 14:34 | Build | Farm |
| 14:48 | Age | Castle Age |
| 14:50 | Create | Villager (Male) |
| 14:54 | Create | Villager (Male) |
| 15:05 | Create | Villager (Male) |
| 15:12 | Create | Villager (Male) |
| 15:20 | Build | Town Center |
| 15:41 | Research | Bow Saw |
| 15:51 | Create | Villager (Male) |
| 15:58 | Build | House |
| 16:01 | Research | Town Watch |
| 16:01 | Research | Town Watch |
| 16:03 | Create | Villager (Male) |
| 16:24 | Create | Villager (Male) |
| 16:34 | Build | House |
| 16:43 | Create | Villager (Male) |
| 16:43 | Create | Villager (Male) |
| 16:45 | Create | Villager (Male) |
| 16:56 | Create | Villager (Male) |
| 16:57 | Build | Farm |
| 17:02 | Build | Farm |
| 17:03 | Create | Villager (Male) |
| 17:09 | Build | Town Center |
| 17:16 | Create | Villager (Male) |
| 17:20 | Create | Villager (Male) |
| 17:23 | Build | Lumber Camp |
| 17:37 | Create | Villager (Male) |
| 17:45 | Build | Farm |
| 17:46 | Build | Farm |
| 17:54 | Create | Villager (Male) |
| 17:54 | Create | Villager (Male) |
| 17:56 | Build | Farm |
| 18:02 | Build | Farm |
| 18:15 | Create | Villager (Male) |
| 18:19 | Build | Farm |
| 18:21 | Create | Villager (Male) |
| 18:22 | Build | Farm |
| 18:25 | Build | House |
| 18:36 | Create | Villager (Male) |
| 18:38 | Build | Farm |
| 18:48 | Create | Villager (Male) |
| 18:49 | Create | Villager (Male) |
| 18:49 | Create | Villager (Male) |
| 18:52 | Build | Farm |
| 18:53 | Build | Farm |
| 18:58 | Research | Gold Mining |
| 19:01 | Create | Villager (Male) |
| 19:02 | Create | Villager (Male) |
| 19:13 | Create | Villager (Male) |
| 19:14 | Create | Villager (Male) |
| 19:16 | Build | Farm |
| 19:16 | Create | Villager (Male) |
| 19:17 | Create | Villager (Male) |
| 19:19 | Build | House |
| 19:19 | Build | House |
| 19:27 | Create | Villager (Male) |
| 19:29 | Build | Farm |
| 19:31 | Build | Farm |
| 19:39 | Create | Villager (Male) |
| 19:45 | Build | Farm |
| 19:46 | Build | Farm |
| 19:47 | Create | Villager (Male) |
| 19:47 | Create | Villager (Male) |
| 19:48 | Create | Villager (Male) |
| 19:48 | Create | Villager (Male) |
| 19:52 | Build | House |
| 19:57 | Create | Villager (Male) |
| 20:00 | Create | Villager (Male) |
| 20:02 | Build | Farm |
| 20:03 | Create | Villager (Male) |
| 20:04 | Create | Villager (Male) |
| 20:11 | Build | House |
| 20:14 | Build | House |
| 20:17 | Create | Villager (Male) |
| 20:18 | Create | Villager (Male) |
| 20:21 | Build | Farm |
| 20:22 | Build | Farm |
| 20:32 | Build | Farm |
| 20:33 | Research | Wheelbarrow |
| 20:49 | Create | Villager (Male) |
| 20:50 | Create | Villager (Male) |
| 20:56 | Create | Villager (Male) |
| 20:59 | Create | Villager (Male) |
| 20:59 | Create | Villager (Male) |
| 21:08 | Create | Villager (Male) |
Match timeline
| 2:03 | VENÓN | seemylame · wall_segment Palisade Wall x1 |
| 2:24 | eL|Hooligan · wall_segment Palisade Wall x1 |
| 2:24 | eL|Hooligan · wall_segment Palisade Wall x1 |
| 2:34 | eL|Hooligan · wall_segment Palisade Wall x1 |
| 2:37 | eL|Hooligan · wall_segment Palisade Wall x1 |
| 2:41 | eL|Hooligan · wall_segment Palisade Wall x1 |
| 2:46 | eL|Hooligan · wall_segment Palisade Wall x1 |
| 2:48 | eL|Hooligan · wall_segment Palisade Wall x1 |
| 2:52 | eL|Hooligan · wall_segment Palisade Wall x1 |
| 2:55 | eL|Hooligan · wall_segment Palisade Wall x1 |
| 2:58 | eL|Hooligan · wall_segment Palisade Wall x1 |
| 3:01 | eL|Hooligan · wall_segment Palisade Wall x1 |
| 3:02 | eL|Hooligan · wall_segment Palisade Wall x1 |
| 3:33 | [GDL] cocacolo · wall_segment Palisade Wall x1 |
| 3:41 | [GDL] cocacolo · wall_segment Palisade Wall x1 |
| 3:45 | [GDL] cocacolo · wall_segment Palisade Wall x1 |
| 3:51 | [GDL] cocacolo · wall_segment Palisade Wall x1 |
| 3:54 | [GDL] cocacolo · wall_segment Palisade Wall x1 |
| 3:58 | [GDL] cocacolo · wall_segment Palisade Wall x1 |
| 4:01 | [GDL] cocacolo · wall_segment Palisade Wall x1 |
| 4:04 | [GDL] cocacolo · wall_segment Palisade Wall x1 |
| 4:09 | [GDL] cocacolo · wall_segment Palisade Wall x1 |
| 4:11 | [GDL] cocacolo · wall_segment Palisade Wall x1 |
| 4:22 | eL|Hooligan · wall_segment Palisade Wall x1 |
| 4:24 | eL|Hooligan · wall_segment Palisade Wall x1 |
| 4:26 | eL|Hooligan · wall_segment Palisade Wall x1 |
| 4:28 | eL|Hooligan · wall_segment Palisade Wall x1 |
| 4:31 | eL|Hooligan · wall_segment Palisade Wall x1 |
| 5:32 | eL|Hooligan · wall_segment Palisade Wall x1 |
| 5:34 | eL|Hooligan · wall_segment Palisade Wall x1 |
| 5:38 | eL|Hooligan · wall_segment Palisade Wall x1 |
| 9:24 | VENÓN | seemylame · first_building Barracks |
| 10:06 | VENÓN | Mauricio · age_up feudal |
| 10:31 | [GDL] cocacolo · age_up feudal |
| 10:37 | eL| Bicho · age_up feudal |
| 10:57 | Workflow · age_up feudal |
| 10:59 | VENÓN | Mauricio · first_market_buy 100 food |
| 10:59 | Dictator Donald · age_up feudal |
| 10:59 | VENÓN | Mauricio · first_market_sell 100 stone |
| 11:14 | VENÓN | seemylame · age_up feudal |
| 11:17 | VENÓN | seemylame · first_building Stable |
| 11:21 | VENÓN | Sk8_Morro · age_up feudal |
| 11:43 | eL|Hooligan · age_up feudal |
| 12:23 | Workflow · first_market_buy 100 food |
| 12:24 | Workflow · first_market_sell 100 wood |
| 12:26 | eL| Bicho · first_market_buy 100 food |
| 12:27 | eL| Bicho · first_market_sell 100 wood |
| 13:42 | VENÓN | Mauricio · age_up castle |
| 14:08 | [GDL] cocacolo · age_up castle |
| 14:10 | VENÓN | Mauricio · first_building Castle |
| 14:14 | VENÓN | Mauricio · wall_segment Palisade Wall x1 |
| 14:15 | VENÓN | Mauricio · wall_segment Palisade Wall x1 |
| 14:16 | VENÓN | Mauricio · wall_segment Palisade Wall x1 |
| 14:17 | VENÓN | Mauricio · wall_segment Palisade Wall x1 |
| 14:18 | VENÓN | Mauricio · wall_segment Palisade Wall x1 |
| 14:19 | VENÓN | Mauricio · wall_segment Palisade Wall x1 |
| 14:39 | Dictator Donald · age_up castle |
| 14:45 | eL| Bicho · wall_segment Stone Wall x1 |
| 14:48 | VENÓN | seemylame · age_up castle |
| 14:54 | VENÓN | seemylame · first_market_buy 100 food |
| 14:56 | VENÓN | Sk8_Morro · age_up castle |
| 15:13 | eL|Hooligan · age_up castle |
| 15:16 | eL| Bicho · age_up castle |
| 15:17 | Workflow · age_up castle |
| 15:25 | VENÓN | Sk8_Morro · first_building Monastery |
| 15:36 | eL|Hooligan · first_building Siege Workshop |
| 15:41 | eL| Bicho · first_building Castle |
| 15:47 | VENÓN | Sk8_Morro · first_market_buy 100 stone |
| 16:10 | eL| Bicho · wall_segment Stone Wall x7 |
| 16:20 | eL| Bicho · wall_segment Stone Wall x1 |
| 17:05 | VENÓN | Mauricio · first_building Siege Workshop |
| 17:36 | [GDL] cocacolo · wall_segment Stone Wall x1 |
| 18:14 | [GDL] cocacolo · wall_segment Palisade Wall x1 |
| 18:37 | eL|Hooligan · first_market_sell 100 wood |
| 18:43 | [GDL] cocacolo · wall_segment Stone Wall x1 |
| 18:44 | [GDL] cocacolo · wall_segment Stone Wall x1 |
| 19:20 | eL|Hooligan · first_building Monastery |
| 20:11 | [GDL] cocacolo · wall_segment Stone Wall x1 |
| 20:12 | [GDL] cocacolo · wall_segment Stone Wall x1 |
| 21:07 | Workflow · first_building Castle |
| 21:11 | [GDL] cocacolo · first_building Monastery |
| 21:29 | [GDL] cocacolo · first_market_buy 100 food |
| 22:20 | [GDL] cocacolo · wall_segment Palisade Wall x1 |
| 22:20 | [GDL] cocacolo · wall_segment Palisade Wall x1 |
| 22:24 | [GDL] cocacolo · wall_segment Palisade Wall x1 |
| 22:44 | [GDL] cocacolo · first_building Barracks |
| 23:09 | VENÓN | seemylame · first_building Monastery |
| 23:17 | Dictator Donald · first_building Monastery |
| 23:26 | Dictator Donald · first_building Barracks |
| 23:34 | [GDL] cocacolo · first_building Archery Range |
| 23:34 | Workflow · first_building Barracks |
| 23:40 | Workflow · wall_segment Stone Wall x1 |
| 24:19 | [GDL] cocacolo · first_market_sell 500 wood |
| 24:29 | VENÓN | Sk8_Morro · first_market_sell 500 wood |
| 24:41 | eL|Hooligan · first_building Barracks |
| 25:19 | VENÓN | Sk8_Morro · first_building Barracks |
| 25:33 | Dictator Donald · first_building Siege Workshop |
| 25:43 | eL|Hooligan · first_building Stable |
| 27:02 | VENÓN | Mauricio · wall_segment Stone Wall x1 |
| 27:08 | [GDL] cocacolo · first_building Siege Workshop |
| 27:10 | eL| Bicho · age_up imperial |
| 27:22 | VENÓN | Sk8_Morro · first_building Castle |
| 27:26 | VENÓN | Sk8_Morro · first_building Siege Workshop |
| 27:33 | eL|Hooligan · first_building Archery Range |
| 27:39 | Dictator Donald · age_up imperial |
| 27:40 | VENÓN | seemylame · age_up imperial |
| 27:42 | [GDL] cocacolo · age_up imperial |
| 27:56 | VENÓN | Sk8_Morro · age_up imperial |
| 28:54 | Workflow · age_up imperial |
| 29:10 | VENÓN | seemylame · first_building Castle |
| 29:39 | eL|Hooligan · first_building Castle |
| 30:00 | eL|Hooligan · age_up imperial |
| 30:52 | Dictator Donald · first_building Archery Range |
| 30:57 | [GDL] cocacolo · first_building Castle |
| 31:14 | VENÓN | seemylame · first_market_sell 100 stone |
| 33:36 | Dictator Donald · first_building Castle |
| 34:25 | Workflow · first_building Archery Range |
| 35:01 | VENÓN | Sk8_Morro · first_building Archery Range |
| 35:41 | eL| Bicho · first_building Barracks |
| 36:59 | VENÓN | Mauricio · first_building Barracks |
| 37:23 | VENÓN | Mauricio · first_building Archery Range |
| 37:54 | eL| Bicho · first_building Archery Range |
| 38:04 | eL|Hooligan · tribute_sent a jugador 2 |
| 38:04 | eL|Hooligan · tribute_sent a jugador 3 |
| 38:04 | eL|Hooligan · tribute_sent a jugador 4 |
| 38:04 | eL|Hooligan · tribute_sent a jugador 5 |
| 38:04 | eL|Hooligan · tribute_sent a jugador 6 |
| 38:04 | eL|Hooligan · tribute_sent a jugador 7 |
| 38:04 | eL|Hooligan · tribute_sent a jugador 8 |
| 38:45 | Dictator Donald · first_building Stable |
| 39:01 | eL| Bicho · first_building Siege Workshop |
| 39:09 | VENÓN | Mauricio · wall_segment Stone Wall x4 |
| 39:11 | eL|Hooligan · tribute_sent a jugador 2 |
| 39:11 | eL|Hooligan · tribute_sent a jugador 3 |
| 39:11 | eL|Hooligan · tribute_sent a jugador 4 |
| 39:11 | eL|Hooligan · tribute_sent a jugador 5 |
| 39:11 | eL|Hooligan · tribute_sent a jugador 6 |
| 39:11 | eL|Hooligan · tribute_sent a jugador 7 |
| 39:11 | eL|Hooligan · tribute_sent a jugador 8 |
| 39:22 | VENÓN | Mauricio · wall_segment Stone Wall x3 |
| 39:31 | VENÓN | Mauricio · wall_segment Stone Wall x1 |
| 39:42 | VENÓN | Mauricio · wall_segment Stone Wall x1 |
| 39:43 | VENÓN | Mauricio · wall_segment Stone Wall x1 |
| 39:43 | VENÓN | Mauricio · wall_segment Stone Wall x1 |
| 39:44 | VENÓN | Mauricio · wall_segment Stone Wall x1 |
| 39:45 | VENÓN | Mauricio · wall_segment Stone Wall x1 |
| 39:45 | VENÓN | Mauricio · wall_segment Stone Wall x1 |
| 39:46 | VENÓN | Mauricio · wall_segment Stone Wall x1 |
| 39:47 | VENÓN | Mauricio · wall_segment Stone Wall x1 |
| 39:47 | VENÓN | Mauricio · wall_segment Stone Wall x1 |
| 39:48 | VENÓN | Mauricio · wall_segment Stone Wall x1 |
| 39:49 | VENÓN | Mauricio · wall_segment Stone Wall x1 |
| 39:49 | VENÓN | Mauricio · wall_segment Stone Wall x1 |
| 39:50 | VENÓN | Mauricio · wall_segment Stone Wall x1 |
| 39:50 | VENÓN | Mauricio · wall_segment Stone Wall x1 |
| 39:51 | VENÓN | Mauricio · wall_segment Stone Wall x1 |
| 39:59 | VENÓN | Mauricio · age_up imperial |
| 40:53 | [GDL] cocacolo · tribute_sent a jugador 1 |
| 40:53 | [GDL] cocacolo · tribute_sent a jugador 3 |
| 40:53 | [GDL] cocacolo · tribute_sent a jugador 4 |
| 40:53 | [GDL] cocacolo · tribute_sent a jugador 5 |
| 40:53 | [GDL] cocacolo · tribute_sent a jugador 6 |
| 40:53 | [GDL] cocacolo · tribute_sent a jugador 7 |
| 40:53 | [GDL] cocacolo · tribute_sent a jugador 8 |
| 42:32 | Dictator Donald · first_market_buy 100 wood |
| 42:39 | [GDL] cocacolo · tribute_sent a jugador 1 |
| 42:39 | [GDL] cocacolo · tribute_sent a jugador 3 |
| 42:39 | [GDL] cocacolo · tribute_sent a jugador 4 |
| 42:39 | [GDL] cocacolo · tribute_sent a jugador 5 |
| 42:39 | [GDL] cocacolo · tribute_sent a jugador 6 |
| 42:39 | [GDL] cocacolo · tribute_sent a jugador 7 |
| 42:39 | [GDL] cocacolo · tribute_sent a jugador 8 |
| 48:11 | eL|Hooligan · resign |
[ AI ANALYSIS · 1 CREDIT ]
What really happened in this match?
Wolo.gg analyzes every decision: build order, eco, micro, common mistakes by bracket. Personalized analysis on WhatsApp or Discord in 30 seconds.
Civ guide
Ethiopians
Perfil
Jugador #22156516